 Dungeon Crawl Stone Soup version 0.30.1-3-gfc49f6343a (webtiles) character file.

Game seed: 16977744433860354761

200 CaptainMV the Grave Robber (level 5, -2/36 HPs)
             Began as a Demonspawn Wanderer on July 26, 2023.
             Slain by Blork the orc
             ... wielding a +0 halberd
              (10 damage)
             ... on level 4 of the Dungeon.
             The game lasted 00:30:02 (2192 turns).

CaptainMV the Grave Robber (Demonspawn Wanderer)    Turns: 2192, Time: 00:30:02

Health: -2/36      AC:  5    Str: 11    XL:     5   Next: 49%
Magic:  0/8        EV: 11    Int: 19    God:
Gold:   185        SH:  0    Dex: 18    Spells: 4/9 levels left

rFire   . . .        b - +1 dagger (vamp)
rCold   . . .        (no shield)
rNeg    . . .        e - +1 leather armour "Jibrerots" {Dex+6}
rPois   .            (no helmet)
rElec   .            d - +0 cloak
rCorr   .            (no gloves)
SInv    .            (no boots)
Will    .....        (no amulet)
Stlth   ++           (no ring)
HPRegen 0.26/turn    (no ring)
MPRegen 0.11/turn

%: no passive effects
@: animating dead
A: powered by death 1, big brain 1
a: no special abilities


You were on level 4 of the Dungeon.
You visited 1 branch of the dungeon, and saw 4 of its levels.

You collected 185 gold pieces.

Inventory:

Hand Weapons
 a - a +0 rapier
 b - a +1 vampiric dagger (weapon)
Armour
 c - a +1 robe
 d - a +0 cloak (worn)
 e - the +1 leather armour "Jibrerots" (worn) {Dex+6}
   (You found it on level 3 of the Dungeon)

   Dex:       It affects your dexterity (+6).
Scrolls
 h - 2 scrolls of immolation
 i - 3 scrolls of brand weapon
 j - a scroll of identify
Potions
 f - 2 potions of brilliance


   Skills:
 + Level 0.9 Fighting
 + Level 1.0 Short Blades
 + Level 0.7 Maces & Flails
 + Level 0.2 Armour
 + Level 1.3 Dodging
 + Level 1.1 Stealth
 + Level 2.5 Spellcasting
 + Level 5.0 Necromancy
 + Level 1.3 Transmutations
 + Level 3.2 Poison Magic
 + Level 1.0 Evocations


You had 4 spell levels left.
You knew the following spells:

 Your Spells              Type           Power      Damage    Failure   Level
a - Sting                 Tmut/Pois      40%        1d5       9%          1
b - Animate Dead          Necr           21%        N/A       26%         4

Your spell library contained the following spells:

 Spells                   Type           Power      Damage    Failure   Level
 Kiss of Death            Conj/Necr      44%        2d8       8%          1
 Cigotuvi's Dreadful Rot  Necr/Pois/Air  24%        N/A       11%         2
 Spider Form              Tmut/Pois      10%        N/A       26%         3
 Tukima's Dance           Hex            2%         N/A       54%         3
 Passage of Golubria      Tloc           2%         N/A       91%         4
 Iskenderun's Battlesphe  Conj           2%         2d6       99%         5
 Yara's Violent Unravell  Hex/Tmut       2%         3d3       99%         5
 Iron Shot                Conj/Erth      1%         9d1       100%        6
 Spellforged Servitor     Conj/Summ      1%         N/A       100%        7


Dungeon Overview and Level Annotations

Branches:
Dungeon (4/15)
 Temple: D:4-7

Altars:

Annotations:
D:4 Blork the orc


Innate Abilities, Weirdness & Mutations

You regenerate a little health from kills.
You have an unusually large brain. (Int +2)


Message History

Blork the orc hits you but does no damage.
Casting: Sting (safe; 9% risk of failure)
Confirm with . or Enter, or press ? or * to list all spells.
Aiming: Sting (safe; 9% risk of failure)
Press: ? - help, Shift-Dir - straight line, f - hound, p - Blork the orc
Aim: a hound (60% to hit)
The sting hits the hound.
The hound is poisoned.
The hound is lightly wounded.
Blork the orc hits you from afar with a +0 halberd!
Casting: Sting (safe; 9% risk of failure)
Confirm with . or Enter, or press ? or * to list all spells.
Aiming: Sting (safe; 9% risk of failure)
Press: ? - help, Shift-Dir - straight line, f - endoplasm, p - hound
Aim: an endoplasm (98% to hit)
The sting hits the hound.
The hound looks even sicker.
The hound is moderately wounded.
The hound closely misses you. Blork the orc barely misses you.
The hound bites you.
Casting: Sting (safe; 9% risk of failure)
Confirm with . or Enter, or press ? or * to list all spells.
Aiming: Sting (safe; 9% risk of failure)
Press: ? - help, Shift-Dir - straight line, f/p - endoplasm
Aim: an endoplasm (98% to hit)
The sting hits the endoplasm.
The endoplasm is poisoned.
The endoplasm is lightly wounded.
The hound closely misses you.
Blork the orc hits you from afar with a +0 halberd.
* * * LOW HITPOINT WARNING * * *
Casting: Sting (safe; 9% risk of failure)
Confirm with . or Enter, or press ? or * to list all spells.
Aiming: Sting (safe; 9% risk of failure)
Press: ? - help, Shift-Dir - straight line, f - Blork the orc, p - endoplasm
Aim: Blork the orc, wielding a +0 halberd and wearing a +0 robe (lightly wounded, poisoned, 75% to hit)
The sting hits the hound but does no damage.
The hound looks even sicker.
The hound is heavily wounded.
The hound bites you but does no damage. The endoplasm hits you.
* * * LOW HITPOINT WARNING * * *
Blork the orc hits you from afar with a +0 halberd!
You die...

.. ...# . ..#..#.# .#
.#..#.##. ........
.#####..#.##.#
......)).....# .
......))#.####### ...
##.##.#<#.......##.....
#......####@ho.....
###.##.# #.J......
...##.# .........
######.# ##....<... #.[
....##.#. ... ..... ..
.##. #..... . . .
#......


You could see Blork the orc (poisoned), a hound (very poisoned) and an endoplasm
(poisoned).

Vanquished Creatures
  3 gnolls (D:2)
  6 adders
  6 dart slugs
  7 orcs
  8 bats
  7 endoplasms
  4 giant cockroaches
  10 goblins
  9 hobgoblins
  3 quokkas
  10 ball pythons
  6 frilled lizards
  5 kobolds
  An orc zombie (D:4)
  2 rats
87 creatures vanquished.

Vanquished Creatures (collateral kills)
  2 orcs (D:3)
  A jackal (D:3)
3 creatures vanquished.

Vanquished Creatures (others)
  An adder zombie (D:3)
  A bat zombie (D:3)
  A dart slug zombie (D:3)
  A frilled lizard zombie (D:3)
  A goblin zombie (D:3)
  An orc zombie (D:4)
6 creatures vanquished.

Grand Total: 96 creatures vanquished

Notes
Turn   | Place    | Note
-------+----------+-------------------------------------------
     0 | D:1      | CaptainMV the Demonspawn Wanderer began the quest for the
                  | Orb.
     0 | D:1      | CaptainMV set off with the following items: a +0 club, a
                  | scroll of fear, a +0 robe, a +0 cloak; and the following
                  | spells available to memorise: Kiss of Death, Sting,
                  | Cigotuvi's Dreadful Rot, Animate Dead, Spider Form.
     0 | D:1      | Reached XP level 1. HP: 13/13 MP: 2/2
     2 | D:1      | Learned a level 1 spell: Sting
    71 | D:1      | Gained mutation: You have an unusually large brain. (Int
                  | +2) [demonic ancestry]
    71 | D:1      | Reached XP level 2. HP: 10/19 MP: 0/3
   414 | D:1      | Gained mutation: You regenerate a little health from kills.
                  | [demonic ancestry]
   414 | D:1      | Reached XP level 3. HP: 22/24 MP: 0/5
   767 | D:2      | HP: 1/25 [gnoll/+0 flail (4)]
   775 | D:2      | Reached XP level 4. HP: 4/31 MP: 3/6
   781 | D:2      | HP: 1/31 [gnoll/+0 whip (5)]
   814 | D:2      | Reached skill level 1 in Short Blades
  1197 | D:3      | Reached skill level 1 in Transmutations
  1318 | D:3      | Learned a level 4 spell: Animate Dead
  1344 | D:3      | Identified the +1 leather armour "Jibrerots" {Dex+6}
  1631 | D:3      | Reached XP level 5. HP: 36/36 MP: 8/8
  2152 | D:4      | Reached skill level 5 in Necromancy
  2183 | D:4      | Noticed Blork the orc
  2192 | D:4      | Slain by Blork the orc

Illustrated notes

Levels and vault maps discovered:
D:1:      nagdon_arrival_zigzag_paths, layout_basic
D:2:      layout_loops_ring
D:3:      minmay_skewed_foursquare, layout_basic, minmay_fractal_squares_5
D:4:      layout_loops_cross, ebering_ghost_reflecting_pool,
          kennysheep_crisscross, hangedman_decor_riveting, uniq_blork_the_orc

Skill      XL: |  1  2  3  4  5 |
---------------+----------------+-----
Short Blades   | 1 |  1.0
Spellcasting   | 2 |  2.5
Transmutations | 1 |  1.3
Poison Magic   | 3 |  3.2
Necromancy     | 5 |  5.0
Fighting       | |  0.9
Maces & Flails | |  0.7
Armour         | |  0.2
Dodging        | |  1.3
Stealth        | |  1.1
Evocations     | |  1.0

Action                     |  1- 3 |  4- 6 || total
---------------------------+-------+-------++-------
  Melee: Club              |    15 |       ||    15
         Dagger            |    71 |   137 ||   208
         Rapier            |    28 |       ||    28
         Punch             |     1 |     3 ||     4
   Cast: Sting             |    38 |    50 ||    88
         Animate Dead      |       |     4 ||     4
    Use: Scroll            |     5 |     4 ||     9
         Potion            |       |     5 ||     5
   Stab: Sleeping          |     1 |     1 ||     2
 Armour: Robe              |    30 |    20 ||    50
         Leather armour    |       |    53 ||    53
  Dodge: Dodged            |    75 |   126 ||   201
